 Dungeon Sprint DCSS version 0.16.2-12-gd0ad4c3 (webtiles) character file.

123 ericwiseman123 the Ruffian (level 4, -10/75 HPs)
             Began as a Troll Berserker on Sept 18, 2015.
             Was an Elder of Trog.
             Mangled by a two-headed ogre
             ... wielding a +0 dire flail
              (16 damage)
             ... in the Dungeon (Sprint IX: "|||||||||||||||||||||||||||||").
             The game lasted 00:01:14 (272 turns).

ericwiseman123 the Ruffian (Troll Berserker)         Turns: 272, Time: 00:01:14

Health: -10/75     AC:  5    Str: 34    XL:     4   Next: 80%
Magic:  2/2        EV: 11    Int:  3    God:    Trog [****..]
Gold:   0          SH:  0    Dex: 12    Spells: 0 memorised, 3 levels left

rFire  . . .     SeeInvis .       - Unarmed
rCold  . . .     Clarity  .     b - +0 animal skin
rNeg   . . .     SustAb   .     (shield restricted)
rPois  .         Gourm    +     (helmet restricted)
rElec  .         Spirit   .     (no cloak)
rCorr  .         Warding  .     (gloves unavailable)
rMut   .         NoTele   +     (boots unavailable)
MR     .....                    (no amulet)
Stlth  ..........               n - +3 ring of strength
                                m - +3 ring of dexterity

@: berserking, very slightly contaminated, invisible, very quick, not resistant
to hostile enchantments, extremely unstealthy
A: unfitting armour, claws 3, fast metabolism 3, gourmand, regeneration 2,
shaggy fur 1, tough skin 2
a: Burn Spellbooks, Berserk, Trog's Hand, Brothers in Arms, Renounce Religion


You were in the Dungeon.
You worshipped Trog.
Trog was greatly pleased with you.
You were full.

You visited 1 branch

Inventory:

Missiles
 i - 2 javelins of returning (quivered)
Armour
 b - a +0 animal skin (worn)
Jewellery
 m - a +3 ring of dexterity (left claw)
 n - a +3 ring of strength (right claw)
Magical devices
 l - a wand of cold (7)
Scrolls
 h - 2 scrolls of blinking
 k - 3 scrolls of remove curse
Potions
 c - 5 potions of curing
 d - 3 potions of heal wounds
 e - a potion of haste
 f - 4 potions of magic
 g - a potion of berserk rage
Comestibles
 a - 2 meat rations


   Skills:
 + Level 5.1 Fighting
 + Level 2.7 Armour
 + Level 3.3 Dodging
 + Level 1.4 Stealth
 + Level 6.6 Unarmed Combat


You had 3 spell levels left.
You didn't know any spells.

Dungeon Overview and Level Annotations

Branches:
Dungeon (1/1)

Altars:
Cheibriados
Dithmenos
Elyvilon
Fedhas
Gozag
Kikubaaqudgha
Makhleb
Nemelex Xobeh
Okawaru
Qazlal
Ru
Sif Muna
Trog
Vehumet
Xom
Yredelemnul
Zin
The Shining One
Beogh
Jiyva
Lugonu


Innate Abilities, Weirdness & Mutations

You are too large for most types of armour.
You have claws for hands.
Your metabolism is lightning-fast.
You like to eat raw meat.
You heal very quickly.
You are covered in fur (AC +1).
You have very tough skin (AC +2).


Message History

The two-headed ogre shouts in stereo!
The centaur shouts!
The centaur shouts!
The two-headed ogre hits you with a dire flail!!
The two-headed ogre closely misses you.
You claw the two-headed ogre!
The two-headed ogre begins to bleed from its wounds!
The two-headed ogre is heavily wounded.
The centaur shouts!
You barely miss the two-headed ogre.
The two-headed ogre is heavily wounded.
The centaur shouts!
The two-headed ogre hits you with a dire flail!
* * * LOW HITPOINT WARNING * * *
The two-headed ogre hits you with a giant club!
* * * LOW HITPOINT WARNING * * *
You barely miss the two-headed ogre.
The two-headed ogre is heavily wounded.
The centaur shouts!
The two-headed ogre hits you with a dire flail!
You die... ▓▓▓▓▓▓▓▓▓▓▓▓▓▓▓▓▓▓▓▓▓▓▓ _____'.?|)[[[..'@Olcb5+ ▓▓▓▓▓▓▓▓▓▓▓▓▓▓▓▓▓▓▓▓▓▓▓

You could see a two-headed ogre (bleeding), a centaur (wandering), a crimson imp, a giant gecko (wandering) and a bat.

Vanquished Creatures
  An ice beast (D)
  A worker ant (D)
  A ball python (D)
  A bat (D)
  3 goblins (D)
  A hobgoblin (D)
  A kobold (D)
  A giant cockroach (D)
  A rat (D)
11 creatures vanquished.

Vanquished Creatures (others)
  A spatial maelstrom (D)
1 creature vanquished.

Grand Total: 12 creatures vanquished

Notes
Turn   | Place    | Note
--------------------------------------------------------------
     0 | D        | ericwiseman123, the Troll Berserker, began the quest for the Orb.
     0 | D        | Reached XP level 1. HP: 22/22 MP: 1/1
    14 | D        | Acquired Trog's second power
    23 | D        | Banished a spatial maelstrom
    44 | D        | Noticed a worker ant
    51 | D        | Reached skill level 4 in Unarmed Combat
    51 | D        | Reached XP level 2. HP: 25/29 MP: 1/1
    59 | D        | Killed a worker ant
    59 | D        | Reached skill level 5 in Unarmed Combat
    59 | D        | Reached XP level 3. HP: 25/39 MP: 2/2
    61 | D        | Acquired Trog's third power
    61 | D        | Received a gift from Trog
   216 | D        | Found a glowing silver altar of Zin.
   216 | D        | Found a glowing golden altar of the Shining One.
   216 | D        | Found an ancient bone altar of Kikubaaqudgha.
   216 | D        | Found a basalt altar of Yredelemnul.
   216 | D        | Found a shimmering altar of Xom.
   216 | D        | Found a radiant altar of Vehumet.
   216 | D        | Found an iron altar of Okawaru.
   217 | D        | Found a burning altar of Makhleb.
   218 | D        | Found a deep blue altar of Sif Muna.
   219 | D        | Found a bloodstained altar of Trog.
   220 | D        | Found a sparkling altar of Nemelex Xobeh.
   221 | D        | Found a white marble altar of Elyvilon.
   222 | D        | Found a roughly hewn altar of Beogh.
   223 | D        | Found a viscous altar of Jiyva.
   224 | D        | Found a corrupted altar of Lugonu.
   225 | D        | Found a blossoming altar of Fedhas.
   226 | D        | Found a snail-covered altar of Cheibriados.
   227 | D        | Found a shadowy altar of Dithmenos.
   228 | D        | Found a stormy altar of Qazlal.
   229 | D        | Found an opulent altar of Gozag.
   230 | D        | Found a sacrificial altar of Ru.
   264 | D        | Noticed an ice beast
   264 | D        | Noticed a two-headed ogre
   264 | D        | Noticed a centaur
   264 | D        | Noticed a crimson imp
   268 | D        | Killed an ice beast
   268 | D        | Reached skill level 5 in Fighting
   268 | D        | Reached skill level 1 in Stealth
   268 | D        | Reached skill level 6 in Unarmed Combat
   268 | D        | Reached XP level 4. HP: 50/50 MP: 2/2
   272 | D        | Mangled by a two-headed ogre

Action                   |  1- 3 |  4- 6 || total
-------------------------+-------+-------++-------
Melee: Unarmed           |    30 |     3 ||    33
Invok: Berserk           |     1 |       ||     1
  Use: Potion            |     1 |       ||     1
 Stab: Sleeping          |     1 |       ||     1
       Invisible         |     2 |       ||     2
  Eat: Chunk             |     5 |       ||     5
